 Dungeon Crawl Stone Soup version 0.27.1-4-g1640c2035a (webtiles) character file.

Game seed: 11354074958815828616

0 zeram the Caller (level 1, -2/13 HPs)
             Began as a Merfolk Summoner on Nov 12, 2021.
             Slain by a gnoll (7 damage)
             ... on level 1 of the Dungeon.
             The game lasted 00:00:38 (45 turns).

zeram the Caller (Merfolk Summoner)                   Turns: 45, Time: 00:00:39

Health: -2/13      AC:  2    Str:  8    XL:     1   Next: 10%
Magic:  0/3        EV: 12    Int: 14    God:
Gold:   0          SH:  0    Dex: 14    Spells: 3/4 levels left

rFire    . . .     SeeInvis .   (no weapon)
rCold    . . .     Faith    .   (no shield)
rNeg     . . .     Spirit   .   a - +0 robe
rPois    .         Reflect  .   (no helmet)
rElec    .         Harm     .   (no cloak)
rCorr    .         Rampage  .   (no gloves)
Will     .....                  (no boots)
Stlth    ++........             (no amulet)
HPRegen  0.04/turn              (no ring)
MPRegen  0.08/turn              (no ring)

@: no status effects
A: (nimble swimmer 2), mertail
a: no special abilities


You were on level 1 of the Dungeon.
You visited 1 branch of the dungeon, and saw 1 of its levels.

Inventory:

Armour
 a - a +0 robe (worn)


   Skills:
 + Level 2.7 Dodging
 - Level 2.1 Stealth
 - Level 2.0 Spellcasting
 + Level 4.0 Summonings


You had 3 spell levels left.
You knew the following spells:

 Your Spells              Type           Power      Damage    Failure   Level
a - Summon Small Mammal   Summ           48%        N/A       4%          1

Your spell library contained the following spells:

 Spells                   Type           Power      Damage    Failure   Level
 Call Imp                 Summ           12%        N/A       7%          2
 Call Canine Familiar     Summ           12%        N/A       14%         3
 Summon Guardian Golem    Hex/Summ       7%         N/A       30%         3
 Summon Lightning Spire   Summ/Air       7%         N/A       71%         4


Dungeon Overview and Level Annotations

Branches:
Dungeon (1/15)

Altars:


Innate Abilities, Weirdness & Mutations

((You are quick and stealthy near water. (Stealth+, EV+, Speed+++)))
Your lower body shifts to a powerful aquatic tail in water.


Message History

The gnoll barely misses you.
Your quokka bites the gnoll but does no damage.
You closely miss the gnoll.
The gnoll is heavily wounded.
Your quokka barely misses the gnoll.
The gnoll misses you.
Your quokka closely misses the gnoll.
You barely miss the gnoll.
The gnoll is heavily wounded.
The gnoll hits you with a +0 whip.
Your quokka bites the gnoll but does no damage.
Casting: Summon Small Mammal (safe; 4% risk of failure)
Confirm with . or Enter, or press ? or * to list all spells.
The gnoll hits you with a +0 whip.
Your quokka closely misses the gnoll.
You are too injured to fight recklessly!
Unknown command.
The gnoll barely misses you.
Your quokka barely misses the gnoll.
Your quokka bites the gnoll.
The gnoll hits your quokka with a +0 whip!
Your quokka dies!
Your quokka's corpse disappears in a puff of smoke!
There is a fountain of clear blue water here.
Your quokka bites the gnoll but does no damage.
Your quokka bites the gnoll.
The gnoll hits your quokka with a +0 whip.
Your quokka dies!
Your quokka's corpse disappears in a puff of smoke!
The gnoll shouts!
Casting: Summon Small Mammal (safe; 4% risk of failure)
Confirm with . or Enter, or press ? or * to list all spells.
Casting: Summon Small Mammal (safe; 4% risk of failure)
Confirm with . or Enter, or press ? or * to list all spells.
You don't have enough magic to cast this spell.
Unknown command.
Casting: Summon Small Mammal (safe; 4% risk of failure)
Confirm with . or Enter, or press ? or * to list all spells.
You don't have enough magic to cast this spell.
Your rat bites the gnoll but does no damage.
Your rat bites the gnoll.
The gnoll hits you with a +0 whip!
Ouch! That really hurt!
You die...

###...### #.##
#.......# #..
####.......####.#
#.............#.#
+......⌠......'.#
#.......†.....#.#
####...r...####........
#<..g...# #.#.##..#
###..@### #.#.# #...#
#.# # #...# #.# ##+##
#.. ..#


You could see a gnoll (ally target) and a friendly rat (summoned).

Vanquished Creatures (collateral kills)
  A bat (D:1)
1 creature vanquished.

Notes
Turn   | Place    | Note
-------+----------+-------------------------------------------
     0 | D:1      | zeram the Merfolk Summoner began the quest for the Orb.
     0 | D:1      | Reached XP level 1. HP: 13/13 MP: 3/3
    45 | D:1      | Slain by a gnoll

Illustrated notes

Levels and vault maps discovered:
D:1:      minmay_arrival_cross, layout_basic

Action                   || total
-------------------------++-------
Melee: Unarmed           ||    12
 Cast: Summon Small Mamm ||     5
Armor: Robe              ||     6
Dodge: Dodged            ||    17
